 Dungeon Crawl Stone Soup version 0.27.1-33-g824d729ab1 (webtiles) character file.

Game seed: 7315358464873485267

49 zeram the Ducker (level 3, -2/19 HPs)
             Began as a Spriggan Fighter on Dec 22, 2021.
             Slain by a goblin (3 damage)
             ... led by Robin
             ... on level 2 of the Dungeon.
             The game lasted 00:02:44 (1670 turns).

zeram the Ducker (Spriggan Fighter)                 Turns: 1670, Time: 00:02:45

Health: -2/19      AC:  2    Str: 12    XL:     3   Next: 53%
Magic:  4/4        EV: 18    Int: 10    God:
Gold:   48         SH:  6    Dex: 14    Spells: 2/2 levels left

rFire    . . .     SeeInvis +   e - +0 dagger
rCold    . . .     Faith    .   c - +0 buckler
rNeg     . . .     Spirit   .   b - +0 robe
rPois    .         Reflect  .   (helmet restricted)
rElec    .         Harm     .   (no cloak)
rCorr    .         Rampage  .   (gloves unavailable)
Will     .....                  (boots unavailable)
Stlth    +.........             (no amulet)
HPRegen  0.06/turn              (no ring)
MPRegen  0.09/turn              (no ring)

@: very quick
A: very small, no large weapons, unfitting armour, see invisible, speed 3
a: no special abilities


You were on level 2 of the Dungeon.
You visited 1 branch of the dungeon, and saw 2 of its levels.

You collected 48 gold pieces.

Inventory:

Hand Weapons
 a - a +0 rapier
 e - a +0 dagger (weapon)
Armour
 b - a +0 robe (worn)
 c - a +0 buckler (worn)
Scrolls
 f - a scroll of teleportation
 g - a scroll of fog


   Skills:
 - Level 2.4 Fighting
 - Level 2.1 Short Blades
 + Level 5.2 Dodging
 + Level 2.8 Shields


You had 2 spell levels left.
You didn't know any spells.
Your spell library contained the following spells:

 Spells                   Type           Power      Damage    Failure   Level
 Passwall                 Tmut/Erth      0%         N/A       61%         2
 Swiftness                Air            0%         N/A       83%         3
 Invisibility             Hex            0%         N/A       100%        6


Dungeon Overview and Level Annotations

Branches:
Dungeon (2/15)

Altars:

Annotations:
D:2 Robin


Innate Abilities, Weirdness & Mutations

You are very small and have problems with some larger weapons.
You are too small for most types of armour.
You have supernaturally acute eyesight. (SInv)
You cover ground extremely quickly. (Speed+++)


Message History

The goblin shouts!
You hear a shout! x2
An endoplasm, 2 goblins and Robin come into view.
Found 10 gold pieces.
The goblin shouts!
You barely miss the goblin.
Robin shouts!
The goblin misses you.
You barely miss the goblin. Robin throws the goblin at you!
The goblin hits you with a +0 club. You block the goblin's attack.
A goblin comes into view. It is wielding a +0 club.
The goblin shouts!
You hear a shout!
You block the goblin's attack.
The rat twitches its whiskers.
Robin throws the goblin at you!
There is a stone staircase leading up here.
You barely miss the goblin. The goblin misses you.
Robin throws the goblin at you!
The goblin shouts!
You hit the goblin.
The goblin is heavily wounded.
The goblin completely misses you. You block the goblin's attack.
You barely miss the goblin.
The goblin is heavily wounded.
The goblin completely misses you. The goblin barely misses you.
You hit the goblin.
You kill the goblin!
The goblin hits you but does no damage.
You closely miss the goblin.
Robin roars a battlecry!
The goblins go into a battle-frenzy!
You hear a shout!
You barely miss the goblin. The goblin closely misses you.
Robin's horned helmet rattles.
Robin throws the goblin at you!
You hit the goblin but do no damage. The goblin hits you with a +0 dagger.
You block the goblin's attack. The goblin hits you with a +0 club.
* * * LOW HITPOINT WARNING * * *
You closely miss the goblin. The goblin barely misses you.
You block the goblin's attack. The goblin hits you with a +0 club.
You die...

#.. ..# #.# ###.## ### #.#
#....### ...# #.# #.>..+.#
# #..## #.###....#.#
..#.... #.......<..#
.....#.#####..#.......# #
###......g##gg....##.##...#
$.......grgg@.>...........#
###.g.#.g#####..).##.##.#.#
..... #...........##.# #
#..g #.##.....##....# #####


#Jg #.##.....##.#### #...# #. ...#........##.####.#.# # .....##......'..##...#.#
..... #......##.##.###.# ......#######....#>... You could see Robin, a hobgoblin
(strong), 5 goblins and a rat.

Vanquished Creatures
  Terence (D:2)
  3 ball pythons (D:1)
  An endoplasm (D:1)
  2 goblins
  3 hobgoblins (D:1)
  2 quokkas (D:1)
  3 bats (D:1)
  A frilled lizard (D:1)
  3 kobolds (D:1)
  6 rats
25 creatures vanquished.

Notes
Turn   | Place    | Note
-------+----------+-------------------------------------------
     0 | D:1      | zeram the Spriggan Fighter began the quest for the Orb.
     0 | D:1      | Reached XP level 1. HP: 11/11 MP: 2/2
     1 | D:1      | Found a faded altar of an unknown god.
   197 | D:1      | Reached XP level 2. HP: 12/16 MP: 3/3
  1187 | D:2      | Noticed Terence
  1512 | D:2      | Killed Terence
  1513 | D:2      | Reached skill level 5 in Dodging
  1513 | D:2      | Reached XP level 3. HP: 11/19 MP: 4/4
  1655 | D:2      | Noticed Robin
  1670 | D:2      | Slain by a goblin

Illustrated notes

Levels and vault maps discovered:
D:1:      wander_arrival_fairy_ring, layout_loops_ring, basic_ecumenical_altar,
          minmay_tall_x
D:2:      layout_basic, uniq_jessica, uniq_terence, uniq_robin

Skill      XL: |  1  2 |
---------------+-------+-----
Dodging        | 5 |  5.2
Fighting       | |  2.4
Short Blades   | |  2.1
Shields        | |  2.8

Action                   || total
-------------------------++-------
Melee: Dagger            ||   114
       Rapier            ||    11
  Use: Scroll            ||     3
       Potion            ||     2
Armor: Robe              ||     8
Dodge: Dodged            ||    91
Block: Buckler           ||    39
